cohdb
Replays
Latest Replays
All Replays
Popular Replays
Top Player Replays
Match Explorer
How It Works
Community
CoH3 Stats
Reddit
Sign in to upload your games and track your stats! →
Sign in with Steam
2xParacazookas obligado vs DAK Bersaglieri
Match 18905304
Overview
Messages
Build Orders
End
Selects Italian Combined Arms Battlegroup
Selects Bersaglieri Squad
Bersaglieri Squad
Kradschützen Motorcycle Team
Bersaglieri Squad
Construct Light Support Kompanie
2.5-tonne Medical Truck
Selects Bersaglieri Bolster
Fire Support Elements
Flakvierling Half-track
Bersaglieri Squad
Selects Semovente da 75/18 Assault Gun
Pak 38 Anti-tank Gun Team
Selects Carro Armato M13/40 Light Tank
Construct Mechanized Kompanie
Carro Armato M13/40 Light Tank
Bersaglieri Squad
Semovente da 75/18 Assault Gun
Carro Armato M13/40 Light Tank
Selects Breda Model 30 Light Machine Guns
Semovente da 75/18 Assault Gun
Carro Armato M13/40 Light Tank
AI Takeover
Ziynnnnnn
LuiSBa
0
0
Comments
sign in to comment!
No comments posted yet!